 Dungeon Crawl Stone Soup version 0.26-a0-639-g72c4674329 (webtiles) character file.

Game seed: 6976483479972099465

206 Borgoz the Skirmisher (level 5, -4/34 HPs)
             Began as a Gargoyle Berserker on Sept 19, 2020.
             Was a Priest of Trog.
             Slain by a gnoll
             ... wielding a +0 spear
              (5 damage)
             ... on level 3 of the Dungeon.
             The game lasted 00:03:09 (2582 turns).

Borgoz the Skirmisher (Gargoyle Berserker)          Turns: 2582, Time: 00:03:10

Health: -4/34      AC: 13    Str: 20    XL:     5   Next: 84%
Magic:  5/5        EV: 10    Int:  8    God:    Trog [***...]
Gold:   154        SH:  0    Dex: 10    Spells: 4/4 levels left

rFire    . . .     SeeInvis +   f - +0 flail
rCold    . . .     Faith    .   (no shield)
rNeg     + . .     Spirit   .   i - +0 scale mail
rPois    ∞         Reflect  .   (no helmet)
rElec    +         Harm     .   (no cloak)
rCorr    .         Rampage  .   o - +0 pair of gloves
MR       .....                  k - +0 pair of boots
Stlth    ..........             (no amulet)
HPRegen  0.11/turn              n - ring of see invisible
MPRegen  0.09/turn              (no ring)

@: berserk cooldown, slowed, very slow
A: negative energy resistance 1, electricity resistance, unbreathing,
petrification resistance, rot immunity, AC +4
a: Berserk, Trog's Hand, Renounce Religion


You were on level 3 of the Dungeon.
You worshipped Trog.
Trog was most pleased with you.
You visited 1 branch of the dungeon, and saw 3 of its levels.

You collected 154 gold pieces.

Inventory:

Hand Weapons
 f - a +0 flail (weapon)
Armour
 i - a +0 scale mail (worn)
 k - a +0 pair of boots (worn)
 o - a +0 pair of gloves (worn)
Jewellery
 n - a ring of see invisible (left hand)
Scrolls
 b - 3 scrolls of teleportation {unknown}
 c - a scroll of enchant armour
 e - a scroll of enchant weapon
 h - a scroll of fog {unknown}
 j - 2 scrolls of amnesia {unknown}
 l - a scroll of blinking
 p - a scroll of noise {unknown}
Potions
 g - a potion of flight


   Skills:
 + Level 4.4 Fighting
 + Level 4.0 Maces & Flails
 + Level 3.6 Armour
 + Level 2.7 Dodging


You had 4 spell levels left.
You didn't know any spells.
Your spell library was empty.

Dungeon Overview and Level Annotations

Branches:
Dungeon (3/15)

Altars:
Kikubaaqudgha


Innate Abilities, Weirdness & Mutations

You are resistant to torment.
Your stone body is resilient. (AC +4)
You are immune to poison.
You resist negative energy. (rN+)
You are resistant to electric shocks. (rElec)
You can survive without breathing.
You are immune to petrification.
You are immune to rotting.


Message History

* * * LOW HITPOINT WARNING * * *
You sock the gnoll!
You kill the gnoll!
Trog accepts your kill.
You are no longer berserk.
You are exhausted.
You feel yourself slow down. The gnoll hits you.
* * * LOW HITPOINT WARNING * * *
The gnoll hits you with a +0 flail of protection.
* * * LOW HITPOINT WARNING * * *
The gnoll barely misses you. The gnoll hits you but does no damage.
The gnoll barely misses you.
The gnoll hits you but does no damage. x2
The gnoll closely misses you.
You see here a +0 club.
You hit the gnoll.
The gnoll is moderately wounded.
The gnoll hits you with a +0 spear.
* * * LOW HITPOINT WARNING * * *
The gnoll hits you but does no damage. x3; The gnoll hits you with a +0 spear.
You die...

...........###.##.#..............
.................................
.................................
≈≈≈≈≈≈≈≈≈≈≈≈≈≈≈....≈≈≈≈≈≈≈≈≈≈≈≈≈≈
≈≈≈≈≈≈≈≈≈≈≈≈≈≈≈....≈≈≈≈≈≈≈≈≈≈≈≈≈≈
###≈≈≈≈≈≈≈≈≈≈≈≈....≈≈≈≈≈≈≈≈≈≈≈≈##
g.#.)..........................#.
..#############g'''#############.
#+# ......#g@g.#.... #+ #
......)g)..'.... #
......#....#.... #
################ # # # # #


You could see 4 gnolls.

Vanquished Creatures
  An orc wizard (D:3)
  An adder (D:2)
  7 gnolls (D:3)
  3 worms
  A dart slug (D:2)
  2 leopard geckos (D:3)
  7 orcs (D:3)
  4 bats
  6 giant cockroaches
  3 goblins
  6 hobgoblins
  16 jackals
  8 kobolds
  2 ball pythons
  8 frilled lizards
  7 rats
82 creatures vanquished.

Vanquished Creatures (others)
  A plant (D:3)
1 creature vanquished.

Grand Total: 83 creatures vanquished

Notes
Turn   | Place    | Note
-------+----------+-------------------------------------------
     0 | D:1      | Borgoz the Gargoyle Berserker began the quest for the Orb.
     0 | D:1      | Reached XP level 1. HP: 14/14 MP: 1/1
   261 | D:1      | Reached XP level 2. HP: 19/19 MP: 2/2
   814 | D:1      | Reached ** piety under Trog
   823 | D:1      | Reached XP level 3. HP: 24/24 MP: 3/3
  1292 | D:2      | Found an ancient bone altar of Kikubaaqudgha.
  1754 | D:3      | Reached XP level 4. HP: 27/29 MP: 4/4
  2141 | D:3      | Reached XP level 5. HP: 17/33 MP: 5/5
  2144 | D:3      | Reached *** piety under Trog
  2582 | D:3      | HP: 1/34 [gnoll/+0 spear (3)]
  2582 | D:3      | Slain by a gnoll

Illustrated notes

Levels and vault maps discovered:
D:1:      lightli_arrival_lavapool, layout_loops_cross
D:2:      layout_basic, lemuel_round_altar
D:3:      lemuel_castle_with_subvaults [lemuel_castle_interior_carwin_1],
          layout_basic, bh_walls_and_bars

Skill      XL: |  1  2  3  4  5 |
---------------+----------------+-----
Dodging        | 2 |  2.7
Armour         | 3 |  3.6
Fighting       | 4 |  4.4
Maces & Flails | 4 |  4.0

Action                   |  1- 3 |  4- 6 || total
-------------------------+-------+-------++-------
Melee: Mace              |   162 |   120 ||   282
       Flail             |       |    19 ||    19
Invok: Berserk           |       |     3 ||     3
  Use: Scroll            |       |     8 ||     8
 Stab: Sleeping          |     1 |       ||     1
Armor: Ring mail         |    85 |   103 ||   188
       Scale mail        |       |    28 ||    28
Dodge: Dodged            |   107 |   147 ||   254

Table legend: (Time is in decaauts)
 A = Elapsed time spent in this place.
 B = Non-inter-level travel time spent in this place.
 C = Inter-level travel time spent in this place.
 D = Time resting spent in this place.
 E = Time spent auto-exploring this place.
 F = Levels seen in this place.
 G = Mean time per level.
                   A        B        C        D        E       F      G
               +--------+--------+--------+--------+--------+-----+--------+
         Total |   2664 |   2618 |     46 |    163 |   1779 |   3 |  888.0 |
       Dungeon |   2664 |   2618 |     46 |    163 |   1779 |   3 |  888.0 |
               +--------+--------+--------+--------+--------+-----+--------+

Top non-repeatable levels by time:
     D:1: 979 daAuts
     D:3: 905 daAuts
     D:2: 779 daAuts
